 Dungeon Crawl Stone Soup version 0.28-a0-649-g2b6bb2fd11 (webtiles) character file.

Game seed: 9507451096186748176

1845 Gargoyl the Skirmisher (level 9, -1/73 HPs)
             Began as a Gnoll Abyssal Knight on Oct 11, 2021.
             Was an Elder of Lugonu.
             Slain by a gnoll (4 damage)
             ... on level 6 of the Dungeon.
             The game lasted 00:10:32 (7972 turns).

Gargoyl the Skirmisher (Gnoll Abyssal Knight)       Turns: 7972, Time: 00:10:33

Health: -1/73      AC: 18    Str: 15    XL:     9   Next: 12%
Magic:  14/14      EV:  6    Int: 11    God:    Lugonu [****..]
Gold:   110        SH:  0    Dex: 12    Spells: 15/15 levels left

rFire   . . .      SeeInvis .   m - +3 war axe (elec)
rCold   . . .      Faith    .   (no shield)
rNeg    . . .      Spirit   .   g - +0 plate armour
rPois   .          Reflect  .   h - +1 helmet
rElec   .          Harm     .   (no cloak)
rCorr   +          Rampage  .   k - +2 pair of gloves
Will    .....                   (no boots)
Stlth   ..........              (no amulet)
HPRegen 0.22/turn               q - ring of resist corrosion
MPRegen 0.14/turn               (no ring)

@: lethally poisoned (-1 -> -28)
A: fangs 1, strong nose, distributed training
a: Renounce Religion, Depart the Abyss, Bend Space, Banish, Corrupt


You were on level 6 of the Dungeon.
You worshipped Lugonu.
Lugonu was greatly pleased with you.
You visited 1 branch of the dungeon, and saw 6 of its levels.
You visited the Abyss 1 time.
You also visited: Sewer.

You collected 423 gold pieces.
You spent 313 gold pieces at shops.

Inventory:

Hand Weapons
 a - a +2 hand axe of electrocution
 b - a +2 hand axe of draining
 e - a +4 whip of venom
 m - a +3 war axe of electrocution (weapon)
Missiles
 j - 29 poisoned darts (quivered)
Armour
 g - a +0 plate armour (worn)
 h - a +1 helmet (worn)
 k - a +2 pair of gloves (worn)
Jewellery
 q - a ring of resist corrosion (left hand)
Wands
 i - a wand of mindburst (11)
Scrolls
 f - 4 scrolls of teleportation
 l - a scroll of fog
 n - a scroll of fear
Potions
 c - 3 potions of curing
 d - 2 potions of brilliance
 o - 3 potions of heal wounds
 r - 4 potions of flight


   Skills:
 + Level 7.7 Fighting
 + Level 3.9 Short Blades
 + Level 3.9 Long Blades
 + Level 6.1 Axes
 + Level 3.9 Maces & Flails
 + Level 3.9 Polearms
 + Level 3.9 Staves
 + Level 3.9 Slings
 + Level 3.9 Bows
 + Level 3.9 Crossbows
 + Level 3.9 Throwing
 + Level 6.1 Armour
 + Level 4.7 Dodging
 + Level 3.9 Stealth
 + Level 3.9 Shields
 + Level 3.9 Unarmed Combat
 + Level 3.9 Spellcasting
 + Level 3.2 Conjurations
 + Level 3.2 Hexes
 + Level 3.2 Summonings
 + Level 3.2 Necromancy
 + Level 3.2 Translocations
 + Level 3.2 Transmutations
 + Level 3.2 Fire Magic
 + Level 3.2 Ice Magic
 + Level 3.2 Air Magic
 + Level 3.2 Earth Magic
 + Level 3.2 Poison Magic
 + Level 6.4 Invocations
 + Level 3.9 Evocations


You had 15 spell levels left.
You didn't know any spells.
Your spell library contained the following spells:

 Spells                   Type           Power      Damage    Failure   Level
 Animate Skeleton         Necr           18%        N/A       98%         1
 Pain                     Necr           36%        1d5       98%         1
 Conjure Flame            Conj/Fire      9%         6-21      100%        3
 Ignite Poison            Fire/Tmut/Pois 9%         N/A       100%        3
 Ozocubu's Armour         Ice            9%         N/A       100%        3
 Vampiric Draining        Necr           4%         2d6       100%        3
 Sticky Flame             Conj/Fire      9%         2d3       100%        4
 Ozocubu's Refrigeration  Ice            4%         4d5       100%        7


Dungeon Overview and Level Annotations

Branches:
Dungeon (6/15)             Temple (0/1) D:4           Sewer (visited)

Altars:

Shops:
D:4 ?=?   D:6 !

Annotations:
D:2 1 runed translucent door, Crazy Yiuf, Sigmund


Innate Abilities, Weirdness & Mutations

You have very sharp teeth.
Your uncanny sense of smell can sniff out nearby items.
Your experience applies equally to all skills.


Message History

Something shouts, "Accept thy doom, thou jarring idle-headed reprobate!"
You hear a shout! x3
You see here a +0 halberd.
You closely miss the gnoll. You hit the gnoll sergeant.
You feel very sick.
The gnoll sergeant completely misses you.
The gnoll hits you but does no damage. The gnoll sergeant closely misses you.
You barely miss the gnoll.
You hit the gnoll sergeant but do no damage.
You feel very sick. The gnoll hits you but does no damage.
The gnoll sergeant hits you but does no damage.
The gnoll hits you but does no damage.
Unknown command.
You hit the gnoll but do no damage. Your bite misses the gnoll.
You hit the gnoll sergeant.
You feel very sick.
The gnoll sergeant hits you with a +0 spear of venom.
You are more poisoned.
The gnoll hits you but does no damage.
You hit the gnoll but do no damage. You closely miss the gnoll sergeant.
You feel very sick.
The gnoll sergeant hits you but does no damage.
The gnoll hits you but does no damage.
Unknown command.
Your plate armour prevents you from hitting the gnoll.
You hit the gnoll sergeant but do no damage.
You feel very sick.
A jelly comes into view.
The gnoll sergeant hits you with a +0 spear of venom!
* * * LOW HITPOINT WARNING * * *
You are more poisoned.
The howler monkey hoots and howls with incredible vigour!
The gnoll hits you but does no damage.
You hear a shout!
You barely miss the gnoll. You hit the gnoll sergeant.
* * * LOW HITPOINT WARNING * * *
You feel extremely sick. The gnoll sergeant barely misses you.
The gnoll hits you with a +0 spear.
You die...

#.####.#.# #.# ∆ ∆
#......#.# ..# ∆
...#####.#.# ### ..#
∆ #.......#.# ..$# #
#.#####.#.# ...#
.###.#####.#.# ##
.... #h............#
$.###..
###gg............# ##
#...#####.@g#
#.#####.#.# >.
....J..$.### #.#.# #
#..........## #.#.##
# #.###.#.8#.# #.#..#
#.# #.#....# #.##.#
#.##.# #.# #.8.>.8#
#.#... ..##.#
##.###.#....####.#..#
#.# ...
#.#.∩.(........# #.#
###.#.#
#........[.....## ###
#.#


You could see a gnoll sergeant, a howler monkey (catching breath), a jelly and 2
gnolls.

Vanquished Creatures
  An orc warrior (D:6)
  2 sky beasts (D:6)
  A necrophage (D:5)
  An ice beast (D:6)
  An ogre (D:5)
  3 centaurs
  A kobold brigand (D:4)
  A gnoll sergeant (D:5)
  A scorpion (D:5)
  A howler monkey (D:5)
  A hound (D:3)
  A jelly (D:6)
  A gnoll shaman (D:6)
  5 iguanas
  A merfolk siren (Sewer)
  5 orc wizards
  A merfolk avatar (Sewer)
  A killer bee zombie (D:5)
  A hound zombie (D:5)
  4 hound skeletons
  12 gnolls
  8 adders
  2 river rats (Sewer)
  An ufetubus (D:6)
  An adder skeleton (D:5)
  A worm (D:3)
  3 dart slugs
  18 orcs
  13 ball pythons
  5 endoplasms
  3 giant cockroaches
  4 hobgoblins
  6 jackals
  4 quokkas
  7 bats
  9 frilled lizards
  5 goblins
  9 kobolds
  29 rats
174 creatures vanquished.

Notes
Turn   | Place    | Note
-------+----------+-------------------------------------------
     0 | Abyss:1  | Gargoyl the Gnoll Abyssal Knight began the quest for the
                  | Orb.
     0 | Abyss:1  | Reached XP level 1. HP: 23/23 MP: 3/3
    12 | Abyss:1  | Found a corrupted altar of Lugonu.
   117 | Abyss:3  | Noticed a neqoxec
   117 | Abyss:3  | Noticed a starcursed mass
   137 | Abyss:3  | Noticed a small abomination
   141 | Abyss:4  | Noticed a lich
   142 | D:1      | Escaped the Abyss
   568 | D:1      | Reached XP level 2. HP: 28/29 MP: 5/5
   568 | D:1      | Reached * piety under Lugonu
   621 | D:1      | Found a faded altar of an unknown god.
   790 | D:1      | Reached XP level 3. HP: 32/35 MP: 6/6
  1318 | D:2      | Found a runed translucent door.
  1319 | D:2      | Noticed Crazy Yiuf
  1784 | D:2      | Noticed Sigmund
  1879 | D:2      | Reached skill level 1 in Short Blades
  1879 | D:2      | Reached skill level 1 in Long Blades
  1879 | D:2      | Reached skill level 1 in Maces & Flails
  1879 | D:2      | Reached skill level 1 in Polearms
  1879 | D:2      | Reached skill level 1 in Staves
  1879 | D:2      | Reached skill level 1 in Slings
  1879 | D:2      | Reached skill level 1 in Bows
  1879 | D:2      | Reached skill level 1 in Crossbows
  1879 | D:2      | Reached skill level 1 in Throwing
  1879 | D:2      | Reached skill level 1 in Stealth
  1879 | D:2      | Reached skill level 1 in Shields
  1879 | D:2      | Reached skill level 1 in Unarmed Combat
  1879 | D:2      | Reached skill level 1 in Spellcasting
  1879 | D:2      | Reached skill level 1 in Evocations
  1879 | D:2      | Reached XP level 4. HP: 7/41 MP: 7/7
  2311 | D:3      | Reached skill level 1 in Conjurations
  2311 | D:3      | Reached skill level 1 in Hexes
  2311 | D:3      | Reached skill level 1 in Summonings
  2311 | D:3      | Reached skill level 1 in Necromancy
  2311 | D:3      | Reached skill level 1 in Translocations
  2311 | D:3      | Reached skill level 1 in Transmutations
  2311 | D:3      | Reached skill level 1 in Fire Magic
  2311 | D:3      | Reached skill level 1 in Ice Magic
  2311 | D:3      | Reached skill level 1 in Air Magic
  2311 | D:3      | Reached skill level 1 in Earth Magic
  2311 | D:3      | Reached skill level 1 in Poison Magic
  2370 | D:3      | Reached ** piety under Lugonu
  2496 | D:3      | Reached XP level 5. HP: 32/47 MP: 8/8
  3529 | D:4      | Reached skill level 5 in Invocations
  3710 | D:4      | Reached XP level 6. HP: 15/53 MP: 9/9
  3939 | D:4      | Found Quor's Magic Scroll Boutique.
  3947 | D:4      | Bought a scroll of teleportation for 42 gold pieces
  3947 | D:4      | Bought a scroll of teleportation for 42 gold pieces
  3982 | D:4      | Reached skill level 5 in Axes
  3982 | D:4      | Reached skill level 5 in Armour
  4391 | D:4      | Found Mouril's Jewellery Emporium.
  4457 | D:4      | Found a staircase to the Ecumenical Temple.
  4477 | D:4      | Reached XP level 7. HP: 57/59 MP: 10/10
  4641 | D:4      | Found Rext's Magic Scroll Emporium.
  4649 | D:4      | Bought a scroll of enchant weapon for 97 gold pieces
  5125 | D:5      | Entered Level 5 of the Dungeon
  5168 | D:5      | Reached skill level 7 in Fighting
  5765 | D:5      | Reached XP level 8. HP: 62/67 MP: 12/12
  5926 | D:5      | Reached *** piety under Lugonu
  6368 | D:6      | Found a glowing drain.
  6389 | Sewer    | Entered a sewer
  6675 | Sewer    | Reached **** piety under Lugonu
  7326 | D:6      | Found Jogopisch's Distillery.
  7344 | D:6      | Reached XP level 9. HP: 65/72 MP: 14/14
  7957 | D:6      | Bought a potion of heal wounds for 60 gold pieces
  7957 | D:6      | Bought a potion of curing for 36 gold pieces
  7957 | D:6      | Bought a potion of curing for 36 gold pieces
  7972 | D:6      | HP: 3/73 [poisoned by a gnoll sergeant]
  7972 | D:6      | Slain by a gnoll

Illustrated notes

Levels and vault maps discovered:
D:1:      minmay_arrival_diagonal_passages, layout_loops_ring,
          shapermc_ecumenical_altar_venn, minmay_tetromino_t4
D:2:      layout_loops_corners, uniq_sigmund, uniq_crazy_yiuf_cottage
D:3:      layout_loops_ring
D:4:      layout_basic, temple_statues, serial_shops, shop, shop, shop
D:5:      layout_rooms, minivault_19
D:6:      layout_loops_ring, chequers_temple_overflow_minitemple, serial_shops,
          nicolae_stop_n_shop_2, gammafunk_ghost_icy,
          cheibrodos_sewer_entry_sluice, uniq_duvessa

Skill      XL: |  1  2  3  4  5  6  7  8 |
---------------+-------------------------+-----
Short Blades   | 1 2 3 |  3.9
Long Blades    | 1 2 3 |  3.9
Maces & Flails | 1 2 3 |  3.9
Polearms       | 1 2 3 |  3.9
Staves         | 1 2 3 |  3.9
Slings         | 1 2 3 |  3.9
Bows           | 1 2 3 |  3.9
Crossbows      | 1 2 3 |  3.9
Throwing       | 1 2 3 |  3.9
Stealth        | 1 2 3 |  3.9
Shields        | 1 2 3 |  3.9
Unarmed Combat | 1 2 3 |  3.9
Spellcasting   | 1 2 3 |  3.9
Evocations     | 1 2 3 |  3.9
Conjurations   | 1 2 3 |  3.2
Hexes          | 1 2 3 |  3.2
Summonings     | 1 2 3 |  3.2
Necromancy     | 1 2 3 |  3.2
Translocations | 1 2 3 |  3.2
Transmutations | 1 2 3 |  3.2
Fire Magic     | 1 2 3 |  3.2
Ice Magic      | 1 2 3 |  3.2
Air Magic      | 1 2 3 |  3.2
Earth Magic    | 1 2 3 |  3.2
Poison Magic   | 1 2 3 |  3.2
Dodging        | 3 4 |  4.7
Invocations    | 5 6 |  6.4
Axes           | 5 6 |  6.1
Armour         | 5 6 |  6.1
Fighting       | 7 |  7.7

Action                   |  1- 3 |  4- 6 |  7- 9 || total
-------------------------+-------+-------+-------++-------
Melee: Hand axe          |    96 |    55 |       ||   151
       Bite              |     4 |    19 |    19 ||    42
       Whip              |       |   113 |    10 ||   123
       War axe           |       |       |   255 ||   255
       Punch             |       |       |     3 ||     3
Throw: Dart              |       |       |     2 ||     2
Invok: Depart the Abyss  |     1 |       |       ||     1
  Use: Scroll            |     5 |     4 |     6 ||    15
       Potion            |       |       |     1 ||     1
Armor: Chain mail        |    50 |       |       ||    50
       Plate armour      |    18 |   152 |   250 ||   420
Dodge: Dodged            |    36 |    61 |    78 ||   175

Table legend: (Time is in decaauts)
 A = Elapsed time spent in this place.
 B = Non-inter-level travel time spent in this place.
 C = Inter-level travel time spent in this place.
 D = Time resting spent in this place.
 E = Time spent auto-exploring this place.
 F = Levels seen in this place.
 G = Mean time per level.
                   A        B        C        D        E       F      G
               +--------+--------+--------+--------+--------+-----+--------+
         Total |   8087 |   7981 |    106 |    610 |   5700 |  11 |  735.2 |
       Dungeon |   7311 |   7205 |    106 |    610 |   5287 |   6 | 1218.5 |
         Abyss |    141 |    141 |      0 |      0 |     55 |   4 |   35.2 |
         Sewer |    635 |    635 |      0 |      0 |    358 |   1 |  635.0 |
               +--------+--------+--------+--------+--------+-----+--------+

Top non-repeatable levels by time:
     D:4: 1899 daAuts
     D:3: 1182 daAuts
     D:1: 1126 daAuts
     D:6: 1059 daAuts
     D:5: 1040 daAuts
     D:2: 1004 daAuts
   Sewer: 635 daAuts
 Abyss:1: 87 daAuts
 Abyss:3: 34 daAuts
 Abyss:2: 18 daAuts
 Abyss:4: 0 daAuts
